 Dungeon Crawl Stone Soup version 0.30-a0-122-g2a1322497e (webtiles) character file.

Game seed: 11508219749690144553

43478 Pooter the Cleaver (level 13, -5/104 HPs)
             Began as a Demonspawn Berserker on Sept 16, 2022.
             Was a Priest of Trog.
             Slain by a black mamba (13 damage)
             ... on level 2 of the Lair of Beasts.
             The game lasted 01:44:16 (20916 turns).

Pooter the Cleaver (Demonspawn Berserker)          Turns: 20916, Time: 01:44:16

Health: -5/104     AC: 15    Str: 20    XL:     13   Next: 91%
Magic:  13/13      EV:  8    Int: 12    God:    Trog [***...]
Gold:   318        SH: 11    Dex: 16    Spells: 12/12 levels left

rFire   + . .      SeeInvis .    a - +5 battleaxe of Purpose {vorpal, rPois}
rCold   . . .      Faith    .    (shield currently unavailable)
rNeg    . . .      Spirit   .    H - +1 plate armour
rPois   +          Reflect  +    (helmet restricted)
rElec   .          Harm     .    (no cloak)
rCorr   .          Rampage  .    r - +0 pair of gloves
Will    ++...                    C - +0 pair of boots
Stlth   ..........               l - amulet of reflection
HPRegen 3.27/turn                F - ring of protection from fire
MPRegen 0.13/turn                W - ring of flight

@: lethally poisoned (-5 -> -5), marked, strong-willed, on berserk cooldown,
flying, regenerating, slowed, very slow
A: horns 2, large bone plates 2, powered by death 2, thin skeletal structure 1,
clever 1, noise suppression
a: Renounce Religion, Berserk, Trog's Hand


You were on level 2 of the Lair of Beasts.
You worshipped Trog.
Trog was most pleased with you.
You visited 3 branches of the dungeon, and saw 15 of its levels.

You collected 1637 gold pieces.
You spent 1319 gold pieces at shops.

Inventory:

Hand Weapons
 a - the +5 battleaxe of Purpose (weapon) {vorpal, rPois}
   (You bought it in a shop on level 7 of the Dungeon)

   It inflicts extra damage upon your enemies.
   rPois:     It protects you from poison.
 b - a +2 arbalest
   (You took it off an orc warrior on level 8 of the Dungeon)
 n - a +0 flail
   (You found it on level 2 of the Dungeon)
 p - a +0 war axe
   (You took it off an orc on level 3 of the Dungeon)
 v - a +2 dagger of venom
   (You took it off a kobold on level 2 of the Dungeon)
 x - a +0 sling
   (You took it off a goblin on level 3 of the Dungeon)
 K - a +0 battleaxe
   (You took it off a wight on level 7 of the Dungeon)
 M - a +5 dire flail
   (You took it off a wight on level 7 of the Dungeon)
Missiles
 c - 2 silver boomerangs
 j - 40 poisoned darts
 k - 2 boomerangs of dispersal {!f}
 w - 6 javelins
 y - 17 boomerangs (quivered)
 Q - 124 stones
 R - 2 throwing nets {!f}
 X - 3 curare-tipped darts
Armour
 r - a +0 pair of gloves (worn)
   (You found it on level 1 of the Dungeon)
 C - a +0 pair of boots (worn)
   (You found it on level 6 of the Dungeon)
 H - a +1 plate armour (worn)
   (You took it off an orc warrior on level 7 of the Dungeon)
 J - a +0 kite shield
   (You took it off a gnoll sergeant on level 7 of the Dungeon)
Jewellery
 l - an amulet of reflection (around neck)
   (You bought it in a shop on level 1 of the Orcish Mines)
 m - a +6 ring of intelligence
   (You found it on level 5 of the Dungeon)
 F - a ring of protection from fire (left hand)
   (You took it off an orc warrior on level 7 of the Dungeon)
 G - an amulet of guardian spirit
   (You found it on level 4 of the Dungeon)
 O - a ring of ice
   (You found it on level 8 of the Dungeon)
 T - an amulet of the acrobat
   (You took it off a kobold on level 9 of the Dungeon)
 W - a ring of flight (right hand)
   (You bought it in a shop on level 7 of the Dungeon)
Wands
 f - a wand of flame (23)
   (You took it off Pikel on level 8 of the Dungeon)
 i - a wand of quicksilver (3)
   (You found it on level 1 of the Lair of Beasts)
 s - a wand of roots (4)
   (You found it on level 7 of the Dungeon)
 D - a wand of digging (4)
   (You took it off a gnoll bouda on level 9 of the Dungeon)
 E - a wand of mindburst (14)
   (You found it on level 7 of the Dungeon)
Scrolls
 d - a scroll of immolation {!r}
 e - 2 scrolls of poison {!r}
 g - 4 scrolls of vulnerability {!r}
 q - 2 scrolls of magic mapping
 t - 3 scrolls of teleportation {@r4}
 u - 2 scrolls of noise {!r}
 N - a scroll of butterflies
 U - 2 scrolls of blinking
Potions
 h - a potion of magic {unknown}
 o - 6 potions of curing {@q1}
 z - a potion of cancellation {unknown}
 A - a potion of resistance {unknown}
 B - 3 potions of invisibility
 I - a potion of flight {unknown}
 P - 2 potions of mutation {!q}
 S - a potion of might {unknown}
 V - a potion of haste {unknown}


   Skills:
 + Level 10.5 Fighting
 * Level 13.2(13.3) Axes
 - Level 2.2(8.8) Maces & Flails
 * Level 12.4 Ranged Weapons
 - Level 4.3 Armour
 - Level 4.9 Dodging
 + Level 8.8 Evocations


You had 12 spell levels left.
You didn't know any spells.
Your spell library was empty.

Dungeon Overview and Level Annotations

Branches:
Dungeon (11/15)            Temple (0/1) D:6            Lair (2/5) D:11
    Orc (2/2) D:11            Elf (0/3) Orc:2
  Swamp: Lair:2-3    Shoals: Lair:2-3     Snake: Lair:2-3    Spider: Lair:2-3

Altars:
Ru
Vehumet
Xom

Shops:
D:7 *   D:11 (   Orc:1 =   Orc:2 (?:(

Annotations:
D:8 2 transporters, Jeffwins's ghost, novice HuWn
Orc:2 2 transporters, writerjack's ghost, journeyman MiBe


Innate Abilities, Weirdness & Mutations

You have a pair of horns on your head.
You are mostly covered in large bone plates. (SH +6)
You regenerate health from kills.
You have a somewhat thin skeletal structure. (Dex +2, Stealth+)
Your mind is acute. (Int +4, Str/Dex -1)
You passively dampen the noise of your surroundings.


Message History

You completely miss the black mamba. Your headbutt misses the black mamba.
You block the black mamba's attack. x2; The black mamba closely misses you.
A black mamba comes into view.
The black mamba closely misses you.
Your skin crawls.
You feel strong-willed.
You can no longer call in reinforcements.
The black mamba barely misses you. You block the black mamba's attack.
The black mamba bites you but does no damage.
The black mamba bites you! The black mamba bites you.
You are poisoned.
The black mamba poisons you!
A black mamba comes into view.
You barely miss the black mamba. You hit the black mamba.
You feel extremely sick. The black mamba barely misses you.
You block the black mamba's attack. The black mamba bites you!
The black mamba bites you.
The black mamba bites you but does no damage.
The black mamba bites you!
You are more poisoned.
The black mamba poisons you!
The black mamba moves out of view.
You slice the black mamba!! You miss the black mamba.
You feel extremely sick. The black mamba bites you!
* * * LOW HITPOINT WARNING * * *
The black mamba bites you!
* * * LOW HITPOINT WARNING * * *
The black mamba bites you!
* * * LOW HITPOINT WARNING * * *
You block the black mamba's attack.
The black mamba bites you but does no damage.
The black mamba closely misses you.
You miss the black mamba. You hit the black mamba.
You feel extremely sick.
The black mamba bites you but does no damage.
The black mamba bites you!
* * * LOW HITPOINT WARNING * * *
You block the black mamba's attack. The black mamba bites you.
* * * LOW HITPOINT WARNING * * *
The black mamba barely misses you.
You hit the black mamba.
You headbutt the black mamba, but do no damage.
You hit the black mamba but do no damage.
You feel very sick. The black mamba closely misses you.
The black mamba bites you but does no damage.
You block the black mamba's attack.
The black mamba bites you but does no damage.
The black mamba bites you!
You die...

#..#.## ## .......
###.####. .......
#........ ...>...
......... .......
######........
......†##.#.##........
......†'.SS..#........
.....S.###SS..........
PP#S### #@S###........
.. ######........ #
###.###....#
#.#.....P..#
#.........)#
#..........#
#..........###
##.............
##P............#


You could see 4 black mambas.

Vanquished Creatures
  An orc warlord (Orc:2)
  A fire dragon (D:9)
  A hydra (Lair:2)
  An ogre mage (Orc:1)
  2 centaur warriors
  8 two-headed ogres
  A tengu warrior (D:9)
  4 orc high priests (Orc:2)
  Sonja (Lair:1)
  Nergalle (Orc:1)
  6 orc knights
  Pikel (D:8)
  An ugly thing (D:9)
  8 orc sorcerers
  A manticore (D:11)
  Joseph (D:10)
  Psyche (D:7)
  4 cane toads
  A gargoyle (D:9)
  A torpor snail (Lair:1)
  3 kobold demonologists
  3 komodo dragons (Lair:1)
  9 trolls
  2 hornets (D:9)
  A polar bear (Lair:2)
  2 dream sheep (Lair:1)
  A shadow (D:11)
  A wraith (D:10)
  3 wyverns
  A basilisk (Lair:2)
  3 steam dragons
  42 yaks
  5 wargs
  Grum (D:8)
  A two-headed ogre zombie (D:11)
  4 water moccasins
  2 black bears
  2 sky beasts
  An ice beast (D:5)
  8 ogres
  32 orc warriors
  9 wolves
  4 centaurs
  2 lemures (D:8)
  2 phantoms
  A kobold brigand (D:9)
  A necrophage (D:7)
  A gnoll sergeant (D:7)
  8 bullfrogs
  A scorpion (D:6)
  9 wights
  7 killer bees
  2 troll zombies (D:11)
  2 electric eels (D:11)
  6 hounds
  3 jellies
  5 gnoll boudas
  18 orc priests
  3 iguanas
  24 orc wizards
  5 ogre zombies (D:11)
  10 adders
  18 gnolls
  A white imp (D:7)
  An ufetubus (D:5)
  3 dart slugs
  83 orcs
  6 bats
  18 endoplasms
  6 giant cockroaches
  7 goblins
  6 hobgoblins
  A jackal (D:2)
  21 kobolds
  6 quokkas
  8 ball pythons
  6 frilled lizards
  3 goblin skeletons (D:11)
  A goblin zombie (D:11)
  A hobgoblin skeleton (D:11)
  3 hobgoblin zombies (D:11)
  3 orc skeletons (D:11)
  14 orc zombies (D:11)
  6 rats
518 creatures vanquished.

Vanquished Creatures (collateral kills)
  2 electric eels (D:11)
  2 hounds (D:11)
4 creatures vanquished.

Vanquished Creatures (others)
  2 orc wizards (Orc:2)
  2 gnolls (D:8)
  A white imp (D:8)
  9 fungi
  5 plants
  9 toadstools (D:4)
28 creatures vanquished.

Grand Total: 550 creatures vanquished

Notes
Turn   | Place    | Note
-------+----------+-------------------------------------------
     0 | D:1      | Pooter the Demonspawn Berserker began the quest for the
                  | Orb.
     0 | D:1      | Reached XP level 1. HP: 18/18 MP: 1/1
   143 | D:1      | Reached skill level 3 in Axes
   148 | D:1      | Gained mutation: You have a pair of small horns on your
                  | head. [demonic ancestry]
   148 | D:1      | Reached XP level 2. HP: 20/24 MP: 2/2
   380 | D:1      | Gained mutation: You are partially covered in large bone
                  | plates. (SH +4) [demonic ancestry]
   380 | D:1      | Reached XP level 3. HP: 29/29 MP: 3/3
   516 | D:1      | Found a faded altar of an unknown god.
   530 | D:1      | Reached ** piety under Trog
  1235 | D:2      | Gained mutation: You regenerate a little health from kills.
                  | [demonic ancestry]
  1235 | D:2      | Reached XP level 4. HP: 35/35 MP: 4/4
  1674 | D:2      | Reached skill level 4 in Axes
  1680 | D:2      | Reached XP level 5. HP: 42/42 MP: 5/5
  2193 | D:3      | Reached *** piety under Trog
  2629 | D:3      | Found a sacrificial altar of Ru.
  2869 | D:3      | Found a radiant altar of Vehumet.
  3314 | D:4      | Noticed an ogre
  3321 | D:4      | Killed an ogre
  3322 | D:4      | Reached skill level 1 in Ranged Weapons
  3516 | D:4      | Gained mutation: You have a pair of horns on your head.
                  | [demonic ancestry]
  3516 | D:4      | Reached XP level 6. HP: 42/48 MP: 6/6
  4786 | D:4      | Identified the +1 robe of Quick Intercession {rN+ Regen+}
  5482 | D:5      | Entered Level 5 of the Dungeon
  5570 | D:5      | Reached skill level 5 in Axes
  5570 | D:5      | Gained mutation: You regenerate health from kills. [demonic
                  | ancestry]
  5570 | D:5      | Reached XP level 7. HP: 55/55 MP: 7/7
  6680 | D:6      | Reached XP level 8. HP: 61/61 MP: 6/8
  6771 | D:6      | Reached skill level 5 in Fighting
  6783 | D:6      | Found a staircase to the Ecumenical Temple.
  6851 | D:6      | Reached skill level 6 in Axes
  7337 | D:6      | Noticed a kobold demonologist
  7349 | D:6      | Killed a kobold demonologist
  7536 | D:7      | Reached skill level 5 in Ranged Weapons
  7539 | D:7      | Gained mutation: You are mostly covered in large bone
                  | plates. (SH +6) [demonic ancestry]
  7539 | D:7      | Reached XP level 9. HP: 68/68 MP: 6/9
  7693 | D:7      | Reached skill level 1 in Evocations
  7923 | D:7      | Reached skill level 7 in Axes
  8167 | D:7      | Found a shimmering altar of Xom.
  8523 | D:7      | Found Ledup's Assorted Antiques.
  8532 | D:7      | Bought a sedimented yellow potion for 23 gold pieces
  8532 | D:7      | Bought a scroll labelled MERGHA ELYQAPAP for 26 gold pieces
  8532 | D:7      | Bought a fuming puce potion for 23 gold pieces
  8532 | D:7      | Bought a faintly glowing battleaxe for 299 gold pieces
  8532 | D:7      | Identified the +5 battleaxe of Purpose {vorpal, rPois} (You
                  | bought it in a shop on level 7 of the Dungeon)
  8532 | D:7      | Bought a scroll labelled NYORHAM RUFOCO for 26 gold pieces
  8620 | D:8      | Noticed Psyche
  8670 | D:8      | Noticed a two-headed ogre
  8680 | D:7      | Killed Psyche
  8716 | D:7      | Killed a two-headed ogre
  8717 | D:7      | Reached skill level 1 in Maces & Flails
  8771 | D:8      | Noticed Grum
  8849 | D:8      | Noticed a two-headed ogre
  8853 | D:8      | Killed Grum
  8859 | D:7      | Reached XP level 10. HP: 77/77 MP: 8/10
  8901 | D:8      | Killed a two-headed ogre
  8902 | D:8      | Reached skill level 8 in Axes
  9464 | D:8      | Noticed Pikel
  9475 | D:8      | Killed Pikel
  9717 | D:8      | Found a transporter.
  9721 | D:8      | Found a transporter.
  9723 | D:8      | Noticed a two-headed ogre
  9725 | D:8      | Noticed Jeffwins's ghost (novice HuWn)
  9728 | D:8      | Noticed a manticore
  9728 | D:8      | Noticed a boulder beetle
  9905 | D:9      | Gained mutation: Your mind is acute. (Int +4, Str/Dex -1)
                  | [potion of mutation]
  9906 | D:9      | Lost mutation: Your mind is acute. (Int +4, Str/Dex -1)
                  | [potion of mutation]
  9906 | D:9      | Gained mutation: You are clumsy. (Dex -2) [potion of
                  | mutation]
  9907 | D:9      | Lost mutation: You are clumsy. (Dex -2) [potion of
                  | mutation]
  9907 | D:9      | Gained mutation: Your mind is acute. (Int +4, Str/Dex -1)
                  | [potion of mutation]
  9907 | D:9      | Gained mutation: You have a somewhat thin skeletal
                  | structure. (Dex +2, Stealth+) [potion of mutation]
  9907 | D:9      | Gained mutation: You passively dampen the noise of your
                  | surroundings. [potion of mutation]
 10126 | D:9      | Noticed a tengu warrior
 10134 | D:9      | Noticed a two-headed ogre
 10135 | D:9      | Noticed a fire dragon
 10137 | D:9      | Noticed a centaur warrior
 10138 | D:9      | Killed a tengu warrior
 10139 | D:9      | Reached skill level 9 in Axes
 10162 | D:9      | Killed a two-headed ogre
 10384 | D:9      | Reached XP level 11. HP: 76/84 MP: 8/11
 10423 | D:9      | Noticed a brown ugly thing
 10432 | D:9      | Killed a brown ugly thing
 10507 | D:9      | Killed a fire dragon
 10508 | D:9      | Reached skill level 5 in Evocations
 11060 | D:9      | Killed a centaur warrior
 11341 | D:7      | Bought a pearl ring for 130 gold pieces
 11560 | D:9      | Found Xihay's CLEARANCE SALE!.
 11722 | D:10     | Entered Level 10 of the Dungeon
 11807 | D:10     | Noticed Joseph
 11819 | D:10     | Killed Joseph
 11820 | D:10     | Reached skill level 10 in Axes
 12987 | D:11     | Found a staircase to the Lair.
 13084 | D:11     | Reached XP level 12. HP: 94/94 MP: 12/12
 13087 | D:11     | Found a staircase to the Orcish Mines.
 13149 | D:11     | Reached **** piety under Trog
 13204 | Orc:1    | Entered Level 1 of the Orcish Mines
 13248 | Orc:1    | Noticed Nergalle
 13255 | Orc:1    | Found Tynut's Jewellery Shop.
 13261 | Orc:1    | Killed Nergalle
 13262 | Orc:1    | Reached skill level 10 in Ranged Weapons
 13413 | Orc:2    | Entered Level 2 of the Orcish Mines
 13626 | Orc:2    | Reached skill level 11 in Axes
 14013 | Orc:2    | Noticed an orc high priest
 14129 | Orc:2    | Killed an orc high priest
 14204 | Orc:2    | Noticed an orc high priest
 14211 | Orc:2    | Killed an orc high priest
 14299 | Orc:1    | Bought an amulet of reflection for 450 gold pieces
 14543 | Orc:2    | Noticed an orc warlord
 14638 | Orc:2    | Killed an orc warlord
 15169 | Orc:1    | Noticed a two-headed ogre
 15169 | Orc:1    | Noticed a two-headed ogre
 15170 | Orc:1    | Noticed a two-headed ogre
 15187 | Orc:2    | Killed a two-headed ogre
 15251 | Orc:1    | Noticed a two-headed ogre
 15253 | Orc:1    | Noticed an ogre mage
 15261 | Orc:2    | Killed a two-headed ogre
 15321 | Orc:1    | Killed a two-headed ogre
 15321 | Orc:1    | Killed a two-headed ogre
 15322 | Orc:1    | Reached skill level 12 in Axes
 15322 | Orc:1    | Reached XP level 13. HP: 98/101 MP: 13/13
 15334 | Orc:1    | Paralysed by an ogre mage for 2 turns
 15965 | Orc:1    | You are sucked into a shaft and drop 1 floor!
 16183 | Orc:2    | Found a transporter.
 16194 | Orc:2    | Noticed writerjack's ghost (journeyman MiBe)
 16195 | Orc:2    | Found a transporter.
 16201 | Orc:2    | Identified the +5 great mace of Resourcefulness {flame,
                  | +Blink rF+ Int-2}
 16201 | Orc:2    | Noticed an ettin
 16525 | Orc:2    | Found a staircase to the Elven Halls.
 18117 | Orc:2    | Found Xenop's Magic Scroll Shoppe.
 18117 | Orc:2    | Found Baocvyfe's Antique Weapon Shop.
 18230 | Orc:2    | Found Jokuzega's Weapon Shoppe.
 18230 | Orc:2    | Found Qiumuxze's Book Shop.
 18236 | Orc:2    | Bought a scroll of identify for 24 gold pieces
 18236 | Orc:2    | Bought a scroll of enchant weapon for 90 gold pieces
 18236 | Orc:2    | Bought a scroll of magic mapping for 90 gold pieces
 18236 | Orc:2    | Bought a scroll of blinking for 90 gold pieces
 18489 | D:11     | Reached skill level 10 in Fighting
 18792 | D:11     | Found Coichuigo's Antique Weapon Boutique.
 19243 | Orc:2    | Bought a scroll of immolation for 48 gold pieces
 19305 | Lair:1   | Entered Level 1 of the Lair of Beasts
 20071 | Lair:1   | Reached skill level 13 in Axes
 20075 | Lair:1   | Noticed Sonja
 20079 | Lair:1   | Killed Sonja
 20916 | Lair:2   | Slain by a black mamba

Illustrated notes

Levels and vault maps discovered:
D:1:      dpeg_arrival_castle, layout_rooms, basic_ecumenical_altar,
          minmay_tripent
D:2:      minmay_evil_eye, layout_basic
D:3:      layout_basic, mainiacjoe_overflow_catwalk_spiral, nrook_mini_vaults
D:4:      cheibrodos_fertilizer, layout_basic
D:5:      layout_loops_cross
D:6:      layout_basic, minmay_temple_entry_ruins
D:7:      layout_loops_ring, tgw_xom, serial_shops, nicolae_lakefront_shop
D:8:      layout_cave_pools, nzn_ghost_randoct, skrybe_limestone_x, uniq_pikel,
          uniq_grum, uniq_psyche
D:9:      cheibrodos_fzero, layout_rooms, nicolae_shop_clearance
D:10:     layout_basic, uniq_joseph
D:11:     layout_basic, erik_lair_island, zombieorc2_lemuel, serial_shops,
          nicolae_shop_trees
Lair:1:   layout_roguey, uniq_sonja
Lair:2:   layout_roguey, minmay_snake_entry_six_corridors,
          dreamdust_gnoll_shepherd
Orc:1:    layout_diamond_mine, serial_shops, nicolae_square_shop,
          mines_bat_river, uniq_nergalle
Orc:2:    grunt_orc_tribal_feast, layout_caves, gammafunk_ghost_smash

Skill      XL: |  1  2  3  4  5  6  7  8  9 10 11 12 13 |
---------------+----------------------------------------+-----
Axes           | 3 4 5 6 7 9 10 12 13 | 13.2
Dodging        | 2 3 4 |  4.9
Fighting       | 4 5 6 7 8 9 10 | 10.5
Ranged Weapons | 1 2 3 5 6 8 9 11 12 | 12.4
Armour         | 2 3 4 |  4.3
Evocations     | 2 4 6 7 8 |  8.8
Maces & Flails | 1 2 |  2.2

Action                   |  1- 3 |  4- 6 |  7- 9 | 10-12 | 13-15 || total
-------------------------+-------+-------+-------+-------+-------++-------
Melee: Hand axe          |    84 |       |       |       |       ||    84
       Headbutt          |    13 |    21 |    34 |    98 |    43 ||   209
       Punch             |     2 |       |     2 |       |       ||     4
       Dagger            |    10 |    65 |       |       |       ||    75
       War axe           |       |    53 |   166 |       |       ||   219
       Battleaxe         |       |       |    26 |   453 |   196 ||   675
       Dire flail        |       |       |     8 |       |     5 ||    13
 Fire: Sling             |       |    70 |       |       |       ||    70
       Shortbow          |       |       |    46 |    15 |       ||    61
       Arbalest          |       |       |       |   126 |    72 ||   198
Throw: Stone             |     5 |       |       |       |       ||     5
       Javelin           |       |     9 |       |     3 |       ||    12
       Boomerang         |       |       |     8 |     8 |     6 ||    22
Invok: Berserk           |     3 |     6 |    17 |    23 |     7 ||    56
       Trog's Hand       |       |     4 |     6 |    31 |    12 ||    53
Evoke: Wand              |       |       |       |     9 |    23 ||    32
  Use: Scroll            |       |     5 |     1 |    10 |     7 ||    23
       Potion            |       |       |       |     8 |     1 ||     9
Armor: Scale mail        |    41 |     9 |       |       |       ||    50
       Chain mail        |       |    35 |    84 |       |       ||   119
       Plate armour      |       |       |    35 |   260 |    96 ||   391
Dodge: Dodged            |    45 |    48 |    89 |   188 |    70 ||   440
Block: Other             |    11 |       |    42 |   199 |   116 ||   368
       Buckler           |       |    68 |    10 |       |       ||    78
       Reflection        |       |       |       |    15 |     8 ||    23

Table legend: (Time is in decaauts)
 A = Elapsed time spent in this place.
 B = Non-inter-level travel time spent in this place.
 C = Inter-level travel time spent in this place.
 D = Time resting spent in this place.
 E = Time spent auto-exploring this place.
 F = Levels seen in this place.
 G = Mean time per level.
                   A        B        C        D        E       F      G
               +--------+--------+--------+--------+--------+-----+--------+
         Total |  21846 |  21142 |    704 |   9091 |   8014 |  15 | 1456.4 |
       Dungeon |  14733 |  14218 |    515 |   5160 |   6438 |  11 | 1339.4 |
          Lair |   1652 |   1615 |     37 |    365 |    958 |   2 |  826.0 |
  Orcish Mines |   5460 |   5309 |    151 |   3565 |    618 |   2 | 2730.0 |
               +--------+--------+--------+--------+--------+-----+--------+

Top non-repeatable levels by time:
   Orc:2: 3591 daAuts
     D:4: 2279 daAuts
     D:7: 1949 daAuts
   Orc:1: 1868 daAuts
     D:3: 1370 daAuts
     D:8: 1361 daAuts
    D:10: 1274 daAuts
     D:5: 1259 daAuts
     D:9: 1227 daAuts
     D:2: 1198 daAuts
    D:11: 1163 daAuts
  Lair:1: 1149 daAuts
     D:6: 855 daAuts
     D:1: 791 daAuts
  Lair:2: 503 daAuts
